 Dungeon Sprint DCSS version 0.19.1-1-g22dce08 (webtiles) character file.

221 Hipnos the Thaumaturge (level 5, -5/31 HPs)
             Began as an Octopode Wizard on Jan 14, 2017.
             Slain by a slime creature (18 damage)
             ... in the Dungeon (Sprint I: "Red Sonja").
             The game lasted 00:02:58 (382 turns).

Hipnos the Thaumaturge (Octopode Wizard)             Turns: 382, Time: 00:03:01

Health: -5/31      AC:  1    Str:  6    XL:     5   Next: 98%
Magic:  12/16      EV: 14    Int: 21    God:
Gold:   162        SH:  0    Dex: 11    Spells: 5 memorised, 11 levels left

rFire  . . .     SeeInvis .     j - -1 dagger (curse)
rCold  . . .     Gourm    .     (no shield)
rNeg   . . .     Faith    .     a - +0 hat
rPois  .         Spirit   .     (no amulet)
rElec  .         Reflect  .     (no ring)
rCorr  .         Harm     .     (no ring)
MR     .....     NoTele   +     (no ring)
Stlth  ++++......               (no ring)
                                (no ring)
                                (no ring)
                                (no ring)
                                (no ring)

@: very slightly contaminated
A: almost no armour, stealthy swim, amphibious, 8 rings, constrict 8, camouflage
1, gelatinous body 1
a: no special abilities


You were in the Dungeon.
You were not hungry.

You visited 1 branch You collected 162 gold pieces.

Inventory:

Hand Weapons
 j - a cursed -1 dagger (weapon)
Armour
 a - a +0 hat (worn)
Scrolls
 i - a scroll of blinking
Potions
 f - a potion of haste
 g - 2 potions of magic
Books
 b - a book of Minor Magic

   Spells                             Type                      Level
   a - Magic Dart                     Conjuration                  1
   b - Blink                          Translocation                2
   c - Call Imp                       Summoning                    2
   d - Repel Missiles                 Charms/Air                   2
   e - Slow                           Hexes                        2
   f - Conjure Flame                  Conjuration/Fire             3
   g - Mephitic Cloud                 Conjuration/Poison/Air       3
Comestibles
 c - a bread ration
 d - 2 chunks of flesh


   Skills:
 + Level 4.2 Dodging
 + Level 5.6 Stealth
 + Level 1.8 Unarmed Combat
 + Level 9.3 Spellcasting
 + Level 1.8 Conjurations
 + Level 3.3 Summonings
 + Level 1.0 Translocations


You had 11 spell levels left.
You knew the following spells:

 Your Spells              Type           Power        Failure   Level  Hunger
a - Magic Dart            Conj           ###.         3%          1    None
b - Blink                 Tloc           N/A          10%         2    None
c - Call Imp              Summ           ###.....     2%          2    None
d - Conjure Flame         Conj/Fire      ##......     17%         3    None
e - Mephitic Cloud        Conj/Pois/Air  ##......     21%         3    None


Dungeon Overview and Level Annotations

Branches:
Dungeon (1/1)

Altars:
Makhleb
Xom
Jiyva
Lugonu


Innate Abilities, Weirdness & Mutations

You cannot wear most types of armour.
You are very stealthy in the water. (Stealth+)
You are amphibious.
You can wear up to eight rings at the same time.
You can use your tentacles to constrict eight enemies at once.
Your skin changes colour to match your surroundings (Stealth+).
Your rubbery body absorbs attacks. (AC +1, EV +1)


Message History

Casting: Call Imp
Confirm with . or Enter, or press ? or * to list all spells.
A beastly little devil appears in a puff of flame.
The slime creature hits you!!
Ouch! That really hurt!
Your crimson imp hits the slime creature.
There is an open door here.
Casting: Call Imp
Confirm with . or Enter, or press ? or * to list all spells.
Aiming: Magic Dart
Press: ? - help, Shift-Dir - straight line, f - slime creature
Aim: a slime creature (lightly wounded)
Okay, then.
Casting: Magic Dart
Confirm with . or Enter, or press ? or * to list all spells.
You miscast Blink.
You are very lightly contaminated with residual magic.
You spin around.
The slime creature hits you!!
Ouch! That really hurt!
You die...

###################
#<.#..)..#.)@J.#__#
#..'..#..'..#5.'..+
#..#####'#####+#__#
#..# #..# ### #..#
#### #..# #⌠⌠# ####


You could see a slime creature and a friendly crimson imp.

Vanquished Creatures
  Sigmund (D)
  Ijyb (D)
2 creatures vanquished.

Vanquished Creatures (collateral kills)
  An ogre (D)
1 creature vanquished.

Vanquished Creatures (others)
  A gargoyle (D)
1 creature vanquished.

Grand Total: 4 creatures vanquished

Notes
Turn   | Place    | Note
-------+----------+-------------------------------------------
     0 | D        | Hipnos the Octopode Wizard began the quest for the Orb.
     0 | D        | Reached XP level 1. HP: 11/11 MP: 4/4
     1 | D        | Noticed Ijyb
    15 | D        | Killed Ijyb
    15 | D        | Reached skill level 5 in Spellcasting
    15 | D        | Reached XP level 2. HP: 13/17 MP: 0/8
    15 | D        | Reached XP level 3. HP: 16/21 MP: 0/10
    24 | D        | Learned a level 2 spell: Blink
    27 | D        | Learned a level 2 spell: Call Imp
    31 | D        | Learned a level 3 spell: Conjure Flame
    35 | D        | Learned a level 3 spell: Mephitic Cloud
    90 | D        | Noticed an ogre
    96 | D        | Killed an ogre
    96 | D        | Reached skill level 6 in Spellcasting
    96 | D        | Reached XP level 4. HP: 27/27 MP: 3/12
   164 | D        | Noticed Sigmund
   184 | D        | Killed Sigmund
   184 | D        | Reached skill level 5 in Stealth
   184 | D        | Reached skill level 1 in Unarmed Combat
   184 | D        | Reached skill level 9 in Spellcasting
   184 | D        | Reached XP level 5. HP: 18/31 MP: 7/16
   219 | D        | Killed a gargoyle
   374 | D        | Found a burning altar of Makhleb.
   374 | D        | Found a viscous altar of Jiyva.
   374 | D        | Found a shimmering altar of Xom.
   374 | D        | Found a corrupted altar of Lugonu.
   374 | D        | Noticed a slime creature
   382 | D        | Slain by a slime creature

Skill      XL: |  1  2  3  4 |
---------------+-------------+-----
Stealth        | 3 4 5 |  5.6
Spellcasting   | 5 6 9 |  9.3
Dodging        | 3 4 |  4.2
Unarmed Combat | 1 |  1.8
Summonings     | 3 |  3.3
Conjurations   | |  1.8
Translocations | |  1.0

Action                   |  1- 3 |  4- 6 || total
-------------------------+-------+-------++-------
Melee: Unarmed           |     9 |       ||     9
       Constrict         |     1 |     1 ||     2
       Dagger            |       |    13 ||    13
       Tentacles         |       |     1 ||     1
 Cast: Magic Dart        |     4 |       ||     4
       Call Imp          |     3 |     4 ||     7
  Use: Potion            |       |     3 ||     3
 Stab: Sleeping          |       |     1 ||     1
Armor: Skin              |     1 |       ||     1
Dodge: Dodged            |     5 |     2 ||     7
